 Dungeon Crawl Stone Soup version 0.31.0-12-g77e489cdc1 (webtiles) character file.

Game seed: 9859999028080573074

130612 Kallu the Shatterer (level 16, -11/162 HPs)
             Began as a Minotaur Fighter on Feb 16, 2024.
             Was the Champion of the Shining One.
             Killed by divine providence
             ... invoked by a meliai
              (13 damage)
             ... on level 2 of the Spider Nest on Feb 18, 2024.
             The game lasted 00:55:20 (25680 turns).

Kallu the Shatterer (Minotaur Fighter)             Turns: 25680, Time: 00:55:21

Health: -11/162    AC: 25    Str: 26    XL:     16   Next: 53%
Magic:  22/22      EV:  7    Int:  7    God:    the Shining One [******]
Gold:   808        SH:  0    Dex: 12    Spells: 15/15 levels left

rFire   + + +        a - +2 great mace (holy)
rCold   x . .        (shield currently unavailable)
rNeg    + + +        b - +1 plate armour {Will+}
rPois   +            A - +2 hat
rElec   .            q - +1 cloak
rCorr   .            i - +2 pair of gloves {Stlth+}
SInv    +            C - +1 pair of boots "Liun" {rF+++ rC- Dex-3 SInv}
Will    ++...        F - amulet "Buzudush" {Faith Regen+ Dex+4} Stlth
                     w - ring of poison resistance
HPRegen 1.27/turn    h - +4 ring of slaying
MPRegen 0.18/turn

%: faith
@: lethally poisoned (-11 -> -30), marked, slowed, glowing, studying
Invocations, very slow
A: horns 2, retaliatory headbutt
a: Renounce Religion, Divine Shield, Cleansing Flame, Summon Divine Warrior,
Brand Weapon With Holy Wrath


You were on level 2 of the Spider Nest.
You worshipped the Shining One.
The Shining One was exalted by your worship.
You visited 6 branches of the dungeon, and saw 26 of its levels.
You visited the Abyss 1 time.
You also visited: Bailey and Ice Cave.

You collected 3059 gold pieces.
You spent 2251 gold pieces at shops.

Inventory:

Hand Weapons
 a - a +2 great mace of holy wrath (weapon)
Missiles
 m - 37 boomerangs (quivered)
 y - 18 curare-tipped darts
 K - 3 atropa-tipped darts
Armour
 b - a +1 plate armour of willpower (worn)
 c - a +2 kite shield of protection
 i - a +2 pair of gloves of stealth (worn)
 q - a +1 cloak (worn)
 A - a +2 hat (worn)
 C - the +1 pair of boots "Liun" (worn) {rF+++ rC- Dex-3 SInv}
   (You bought it in a shop on level 2 of the Orcish Mines)

   Dex-3:     It affects your dexterity (-3).
   rF+++:     It renders you almost immune to fire.
   rC-:       It makes you vulnerable to cold.
   SInv:      It lets you see invisible.
 L - a +0 tower shield of cold resistance
Jewellery
 f - a ring of protection from cold
 h - a +4 ring of slaying (right hand)
 u - a ring of magical power
 w - a ring of poison resistance (left hand)
 F - the amulet "Buzudush" (around neck) {Faith Regen+ Dex+4}
   (You found it on level 8 of the Dungeon)

   [amulet of faith]

   Faith:     It allows you to gain divine favour quickly.
   Dex+4:     It affects your dexterity (+4).
   Regen+:    It increases your rate of health regeneration.
 P - the ring of the Garden {Fire rN+ Will+ Int+3 Slay+3}
   (You found it on level 5 of the Lair of Beasts)

   [ring of fire]

   Fire:      It enhances your fire magic.
   Int+3:     It affects your intelligence (+3).
   Slay+3:    It affects your accuracy & damage with ranged weapons and melee
   (+3).
   rF+:       It protects you from fire.
   rC-:       It makes you vulnerable to cold.
   rN+:       It protects you from negative energy.
   Will+:     It increases your willpower.
 Y - a ring of protection from cold
Wands
 g - a wand of digging (15)
 l - a wand of polymorph (20)
 p - a wand of mindburst (4)
 s - a wand of quicksilver (5)
 z - a wand of charming (25)
 I - a wand of roots (5)
 T - a wand of flame (19)
Scrolls
 k - 17 scrolls of teleportation
 n - 5 scrolls of vulnerability
 o - 4 scrolls of poison
 r - 5 scrolls of noise
 x - a scroll of summoning
 B - 2 scrolls of silence
 E - a scroll of revelation
 H - 5 scrolls of brand weapon
 J - 3 scrolls of blinking
 N - 2 scrolls of fog
 Q - 3 scrolls of fear
 R - 4 scrolls of immolation
 U - 6 scrolls of enchant weapon
Potions
 d - 5 potions of might
 e - 19 potions of curing
 j - 4 potions of enlightenment
 t - 2 potions of heal wounds
 v - a potion of mutation
 D - a potion of resistance
 G - 4 potions of brilliance
 M - a potion of lignification
 O - 3 potions of attraction
 S - 5 potions of haste
Miscellaneous
 V - a lightning rod (3/4)
 W - a phantom mirror (inert)


   Skills:
 - Level 20.0 Fighting
 + Level 25.6 Maces & Flails
 - Level 3.0 Throwing
 - Level 9.0 Armour
 - Level 7.0 Shields
 - Level 10.0 Invocations
 - Level 3.0 Evocations


You had 15 spell levels left.
You didn't know any spells.
Your spell library contained the following spells:

 Spells                   Type           Power      Damage    Failure   Level
 Apportation              Tloc           0%         N/A       99%         1
 Freeze                   Ice            0%         1d3       99%         1
 Necrotise                Necr           0%         1d4       99%         1
 Sting                    Conj/Alch      0%         1d3       99%         1
 Summon Small Mammal      Summ           0%         N/A       99%         1
 Blink                    Tloc           0%         N/A       100%        2
 Ensorcelled Hibernation  Hex/Ice        0%         N/A       100%        2
 Jinxbite                 Hex            0%         N/A       100%        2
 Static Discharge         Conj/Air       0%         3-3/arc   100%        2
 Call Canine Familiar     Summ           0%         N/A       100%        3
 Dazzling Flash           Conj/Hex       0%         N/A       100%        3
 Frozen Ramparts          Ice            0%         1d1       100%        3
 Hailstorm                Conj/Ice       0%         3d5       100%        3
 Mephitic Cloud           Conj/Alch/Air  0%         N/A       100%        3
 Passwall                 Erth           0%         N/A       100%        3
 Sigil of Binding         Hex            0%         N/A       100%        3
 Swiftness                Air            0%         N/A       100%        3
 Volatile Blastmotes      Fire/Tloc      0%         2d10      100%        3
 Airstrike                Air            0%         2d(0-16)  100%        4
 Brom's Barrelling Bould  Conj/Erth      0%         2d3       100%        4
 Dimensional Bullseye     Hex/Tloc       0%         N/A       100%        4
 Summon Lightning Spire   Summ/Air       0%         N/A       100%        4
 Alistair's Intoxication  Alch           0%         N/A       100%        5
 Curse of Agony           Necr           0%         N/A       100%        5
 Silence                  Hex/Air        0%         N/A       100%        5
 Starburst                Conj/Fire      0%         6d3       100%        6
 Maxwell's Capacitive Co  Air            0%         ∞         100%        8


Dungeon Overview and Level Annotations

Branches:
Dungeon (15/15)            Temple (1/1) D:7            Lair (5/5) D:9
  Swamp (0/4) Lair:3       Spider (2/4) Lair:3        Slime (0/5) Lair:5
    Orc (2/2) D:10            Elf (1/3) Orc:2        Vaults (0/5) D:14
 Depths (0/4) D:15         Bailey (visited)           IceCv (visited)

Altars:
Ashenzari
Cheibriados
Dithmenos
Elyvilon
Fedhas
Gozag
Hepliaklqana
Kikubaaqudgha
Makhleb
Nemelex Xobeh
Okawaru
Qazlal
Ru
Sif Muna
Trog
Uskayaw
Vehumet
Wu Jian
Xom
Yredelemnul
Zin
The Shining One
Lugonu

Shops:
D:9 :   D:15 ?   Orc:1 *=   Orc:2 ?(=*([(*:

Portals:
Abyss: Lair:5

Annotations:
D:2 Terence
D:14 1 runed translucent door, Ytheofip's ghost, journeyman FoFi
Elf:1 3 runed translucent doors, AceX2Z's ghost, journeyman DECj


Innate Abilities, Weirdness & Mutations

You have a pair of horns on your head.
You reflexively headbutt those who attack you in melee.


Message History

A jumping spider comes into view.
The wolf spider hits you. The wolf spider closely misses you.
The redback bites you but does no damage.
A wolf spider comes into view.
A jumping spider, a redback, 2 torpor snails and a pharaoh ant come into view.
* * * LOW HITPOINT WARNING * * *
You feel extremely sick. The redback attacks as it pursues you!
The redback bites you!
* * * LOW HITPOINT WARNING * * *
The pharaoh ant bites you.
* * * LOW HITPOINT WARNING * * *
The jumping spider leaps!
The wolf spider hits you!
* * * LOW HITPOINT WARNING * * *
The wolf spider bites you but does no damage.
The jumping spider leaps!
Being near the torpor snail leaves you feeling lethargic.
The meliai invokes the aid of its god against you.
Something smites you!
* * * LOW HITPOINT WARNING * * *
The redback bites you but does no damage.
The pharaoh ant bites you!! The Shining One protects you from harm!
The wolf spider hits you but does no damage.
The wolf spider bites you but does no damage.
There is a stone staircase leading up, spattered with blood here.
Things that are here:
a wolf spider corpse; a wolf spider corpse You feel much better.
* * * LOW HITPOINT WARNING * * *
You feel extremely sick.
The meliai invokes the aid of its god against you.
Something smites you!
* * * LOW HITPOINT WARNING * * *
A redback comes into view.
The redback bites you but does no damage.
The wolf spider hits you but does no damage.
The wolf spider bites you but does no damage.
The meliai invokes the aid of its god against you.
Something smites you!
You die...

#.##.#.#.##..........
#....s.[##............
#.....s..##...........
#.........##..........^
#...^...s...##..........
#...........s.#..........
...........s.s##s...ww...
.........^†ysys#Bs......#
........°....s@#.......#
......s.y...ss..#######
........##..>†.# ######.
#.###.... ##..## ##....
### .....# ...°## ......
...##


You could see a spark wasp, 2 torpor snails, 2 wolf spiders, 2 orb spiders, a
pharaoh ant, 3 jumping spiders, a tarantella, 6 redbacks and 2 meliai.

Vanquished Creatures
  An Ice Fiend (IceCv)
  Rupert (Orc:1)
  Kirke (D:12)
  Agnes (Elf:1)
  A ghost moth (Spider:1)
  2 orc warlords
  A stone giant (D:15)
  Josephine (Lair:5)
  A caustic shrike simulacrum (IceCv)
  An ice dragon (Elf:1)
  A catoblepas (Lair:5)
  A hydra (Lair:3)
  5 centaur warriors
  7 boulder beetles
  4 two-headed ogres
  3 dancing weapons (Elf:1)
  A tengu warrior (D:15)
  An orc high priest (Orc:2)
  A demonic crawler (Spider:1)
  Urug (Orc:2)
  An occultist (Elf:1)
  2 thrashing horrors (Lair:5)
  Sonja (Lair:2)
  3 death yaks
  A deep elf knight (Elf:1)
  A skyshark (Lair:3)
  7 skeletal warriors
  An arcanist (D:10)
  3 orb spiders
  2 deep elf archers (Elf:1)
  2 spriggan druids (Lair:3)
  6 spriggan simulacra (IceCv)
  An obsidian statue (IceCv)
  A bog body (IceCv)
  9 deep elf pyromancers
  7 wolf spiders
  Maurice (D:9)
  10 deep elf zephyrmancers (Elf:1)
  4 orc sorcerers
  4 orc knights
  5 cyclopes
  3 centaur zombies (D:11)
  13 ugly things
  3 moths of wrath
  A manticore (D:14)
  A meliai (Spider:2)
  8 elephants
  A kobold blastminer (Orc:2)
  A black mamba (Lair:1)
  A torpor snail (Spider:1)
  2 gargoyles
  2 smoke demons (Lair:5)
  Jeremiah (D:9)
  3 large abominations (Lair:5)
  12 cane toads
  2 unseen horrors
  3 kobold demonologists
  A komodo dragon (shapeshifter) (D:14)
  A rime drake (Lair:3)
  4 centaur skeletons
  9 ice devils (IceCv)
  2 anaconda simulacra (IceCv)
  3 freezing wraiths (IceCv)
  8 komodo dragons
  2 golden dragon simulacra (IceCv)
  5 yaktaurs (D:14)
  Psyche (D:10)
  3 trolls
  A wolf spider simulacrum (D:14)
  5 tarantellas (Spider:1)
  3 raiju (Lair:5)
  A hornet (D:9)
  2 alligator simulacra (IceCv)
  27 blink frogs
  6 dream sheep (Lair:4)
  A centaur simulacrum (D:14)
  23 slime creatures
  2 air elementals (Elf:1)
  5 jumping spiders
  9 small abominations (Lair:5)
  A vampire (D:13)
  A culicivora (Spider:1)
  A spriggan (shapeshifter) (Lair:5)
  2 spriggans (Lair:5)
  2 dire elephant simulacra (IceCv)
  2 ynoxinuls (Lair:5)
  A fire elemental (Elf:1)
  8 wraiths
  37 yaks
  9 wyverns
  4 shadows
  6 hogs (D:12)
  9 basilisks
  5 wargs
  11 redbacks (Spider:1)
  4 steam dragons
  3 chaos spawn (Lair:5)
  8 minotaur simulacra (IceCv)
  8 vampire mosquitoes
  2 harpy simulacra (IceCv)
  An acid dragon (D:11)
  16 water moccasins
  34 orc warriors
  An ettin simulacrum (IceCv)
  2 ice beasts (D:5)
  4 black bears
  6 ogres
  4 laughing skulls
  10 wolves
  2 boggarts
  9 centaurs
  3 phantoms
  19 kobold brigands
  A gnoll sergeant (D:7)
  2 scorpions (D:6)
  10 bullfrogs
  9 deep troll simulacra (IceCv)
  A wight (D:8)
  A lindwurm simulacrum (IceCv)
  15 killer bees
  4 howler monkeys
  A vampire bat (D:13)
  A bombardier beetle (D:4)
  A gnoll bouda (D:7)
  19 orc priests
  A sleepcap (D:6)
  20 orc wizards
  4 iguanas
  9 adders
  6 gnolls (D:7)
  4 ufetubi
  2 dart slugs
  2 ribbon worms
  73 orcs
  10 ball pythons
  6 bats
  2 bat skeletons (D:13)
  2 bat zombies (D:13)
  4 endoplasms
  2 giant cockroaches
  12 goblins
  6 hobgoblins
  6 quokkas
  A frilled lizard (D:2)
  31 kobolds
  4 rats
796 creatures vanquished.

Vanquished Creatures (others)
  A redback (Spider:2)
1 creature vanquished.

Grand Total: 797 creatures vanquished

Notes
Turn   | Place    | Note
-------+----------+-------------------------------------------
     0 | D:1      | Kallu the Minotaur Fighter began the quest for the Orb.
     0 | D:1      | Reached XP level 1. HP: 19/19 MP: 0/0
   108 | D:1      | Reached skill level 3 in Maces & Flails
   195 | D:1      | Reached XP level 2. HP: 26/26 MP: 1/1
   515 | D:1      | Reached skill level 4 in Maces & Flails
   891 | D:2      | Reached XP level 3. HP: 27/31 MP: 2/2
   927 | D:2      | Noticed Terence
  1458 | D:3      | Reached skill level 5 in Maces & Flails
  1480 | D:3      | Found a sparkling altar of Nemelex Xobeh.
  1557 | D:3      | Reached XP level 4. HP: 24/39 MP: 3/3
  1862 | D:3      | Found a faded altar of an unknown god.
  2097 | D:4      | Reached skill level 6 in Maces & Flails
  2102 | D:4      | Reached XP level 5. HP: 32/45 MP: 4/4
  2221 | D:4      | Noticed a black bear
  2229 | D:4      | Killed a black bear
  2230 | D:4      | Reached skill level 7 in Maces & Flails
  2325 | D:4      | Noticed a phantom
  2374 | D:3      | Killed a phantom
  2375 | D:3      | Reached XP level 6. HP: 48/52 MP: 5/5
  2454 | D:4      | Reached skill level 8 in Maces & Flails
  2916 | D:5      | Entered Level 5 of the Dungeon
  2939 | D:5      | Noticed an ice beast
  2946 | D:5      | Killed an ice beast
  2947 | D:5      | Reached skill level 1 in Throwing
  3104 | D:5      | Found a shimmering altar of Xom.
  3222 | D:5      | Noticed a water moccasin
  3230 | D:5      | Killed a water moccasin
  3231 | D:5      | Reached XP level 7. HP: 59/59 MP: 6/6
  3399 | D:5      | Reached skill level 9 in Maces & Flails
  3781 | D:6      | Reached skill level 10 in Maces & Flails
  3782 | D:6      | Found an ancient bone altar of Kikubaaqudgha.
  3808 | D:6      | Reached XP level 8. HP: 64/66 MP: 7/7
  4212 | D:6      | Found a shadowy altar of Dithmenos.
  4264 | D:6      | Reached skill level 11 in Maces & Flails
  4843 | D:7      | Found a blossoming altar of Fedhas.
  4844 | D:7      | Found a glowing golden altar of the Shining One.
  4898 | D:7      | Reached skill level 12 in Maces & Flails
  5192 | D:7      | Found a staircase to the Ecumenical Temple.
  5202 | Temple   | Entered the Ecumenical Temple
  5280 | D:8      | Found a shimmering blue altar of Sif Muna.
  5702 | D:8      | Reached skill level 13 in Maces & Flails
  5859 | D:7      | Found an iron altar of Okawaru.
  5868 | D:7      | Became a worshipper of the Shining One
  5919 | D:8      | Reached XP level 9. HP: 65/71 MP: 8/8
  6092 | D:8      | Reached skill level 5 in Fighting
  6139 | D:8      | Found a broken altar of Ashenzari.
  6279 | D:8      | Noticed a meliai
  6285 | D:8      | a meliai changed into a moth of wrath
  6285 | D:8      | Noticed a moth of wrath
  6290 | D:8      | Killed a moth of wrath
  6291 | D:8      | Reached skill level 5 in Shields
  6510 | D:8      | Identified the amulet "Buzudush" {Faith Regen+ Dex+4}
  6569 | D:9      | Reached skill level 1 in Evocations
  6589 | D:9      | Noticed a two-headed ogre
  6600 | D:9      | Killed a two-headed ogre
  6601 | D:9      | Reached skill level 5 in Armour
  6601 | D:9      | Reached XP level 10. HP: 61/88 MP: 9/9
  6635 | D:9      | Noticed Jeremiah
  6640 | D:9      | Found an opulent altar of Gozag.
  6671 | D:9      | Reached * piety under the Shining One
  6675 | D:9      | Killed Jeremiah
  6682 | D:9      | Noticed Maurice
  6693 | D:9      | Killed Maurice
  6764 | D:9      | Found a flagged portal.
  6772 | Bailey   | Entered a bailey
  6877 | Bailey   | Reached skill level 10 in Fighting
  6970 | Bailey   | Found a burning altar of Makhleb.
  7368 | D:9      | Reached skill level 14 in Maces & Flails
  7392 | D:9      | Found a staircase to the Lair.
  7553 | D:9      | Found Oniecref's Vocational Training.
  7750 | D:9      | Bought a manual of Invocations for 1200 gold pieces
  7932 | D:10     | Entered Level 10 of the Dungeon
  7953 | D:10     | Noticed an arcanist
  7959 | D:10     | Killed an arcanist
  7960 | D:10     | Reached skill level 15 in Maces & Flails
  7960 | D:10     | Reached XP level 11. HP: 78/102 MP: 10/10
  7961 | D:10     | Noticed a centaur warrior
  7969 | D:10     | Killed a centaur warrior
  8116 | D:10     | Noticed a two-headed ogre
  8125 | D:10     | Killed a two-headed ogre
  8291 | D:10     | Reached skill level 16 in Maces & Flails
  8441 | D:10     | Found a staircase to the Orcish Mines.
  8449 | D:10     | Reached ** piety under the Shining One
  8800 | D:10     | Reached skill level 17 in Maces & Flails
  8872 | D:10     | Noticed Psyche
  8879 | D:10     | Killed Psyche
  9023 | D:11     | Reached skill level 5 in Invocations
  9176 | D:11     | Noticed a two-headed ogre
  9185 | D:11     | Killed a two-headed ogre
  9290 | D:11     | Noticed a boulder beetle
  9298 | D:11     | Killed a boulder beetle
  9370 | D:11     | Reached *** piety under the Shining One
  9371 | D:11     | Reached XP level 12. HP: 112/112 MP: 15/15
  9767 | Lair:1   | Entered Level 1 of the Lair of Beasts
 10087 | Lair:1   | Reached skill level 18 in Maces & Flails
 11105 | Lair:2   | Noticed Sonja
 11111 | Lair:2   | Killed Sonja
 11112 | Lair:2   | Reached skill level 19 in Maces & Flails
 11246 | Lair:2   | Noticed a boulder beetle
 11263 | Lair:2   | Killed a boulder beetle
 11762 | Lair:3   | Reached XP level 13. HP: 114/124 MP: 16/16
 11796 | Lair:3   | Found a hole to the Spider Nest.
 12136 | Lair:3   | Reached skill level 20 in Maces & Flails
 12705 | Lair:3   | Found a staircase to the Swamp.
 12903 | Lair:4   | Reached **** piety under the Shining One
 13478 | Lair:4   | Reached skill level 21 in Maces & Flails
 13920 | Lair:5   | Entered Level 5 of the Lair of Beasts
 13981 | Lair:5   | Noticed Josephine
 13992 | Lair:5   | Killed Josephine
 14374 | Lair:5   | Reached skill level 15 in Fighting
 14401 | Lair:5   | Found a staircase to the Slime Pits.
 14741 | Lair:5   | Reached ***** piety under the Shining One
 15096 | Abyss:1  | Cast into level 1 of the Abyss (spriggan)
 15107 | Lair:5   | Escaped the Abyss
 15182 | Lair:5   | Reached XP level 14. HP: 56/138 MP: 15/19
 15645 | Lair:5   | Found a corrupted altar of Lugonu.
 15645 | Lair:5   | Found a one-way gate to the infinite horrors of the Abyss.
 15661 | Lair:5   | Got the Dissertation on the Voyage and Wounds
 15666 | Lair:5   | Identified the ring of the Garden {Fire rN+ Will+ Int+3
                  | Slay+3}
 16456 | D:12     | Noticed Kirke
 16595 | D:12     | Killed Kirke
 16890 | D:12     | Reached skill level 10 in Invocations
 17621 | D:13     | Reached ****** piety under the Shining One
 17970 | D:13     | Found an ancient bone altar of Kikubaaqudgha.
 18388 | D:14     | Found a stormy altar of Qazlal.
 18673 | D:14     | Found a runed translucent door.
 18675 | D:14     | Identified the +1 leather armour "Cadohiv" {Str+3}
 19329 | D:14     | Reached XP level 15. HP: 145/152 MP: 21/21
 19460 | D:14     | Found a gate to the Vaults.
 19529 | D:14     | Noticed Ytheofip's ghost (journeyman FoFi)
 19647 | Orc:1    | Entered Level 1 of the Orcish Mines
 19657 | Orc:1    | Found Lutu Wus's Jewellery Shop.
 19850 | Orc:1    | Found Taduedoha's General Store.
 19858 | Orc:1    | Bought a scroll of teleportation for 33 gold pieces
 19858 | Orc:1    | Bought a scroll of identify for 22 gold pieces
 19910 | Orc:2    | Entered Level 2 of the Orcish Mines
 19910 | Orc:2    | Found Uwnefov's General Store.
 19910 | Orc:2    | Found a staircase to the Elven Halls.
 20145 | Orc:2    | Noticed Rupert
 20183 | Orc:1    | Killed Rupert
 20243 | Orc:2    | Bought a potion of curing for 51 gold pieces
 20243 | Orc:2    | Bought a scroll of identify for 34 gold pieces
 20251 | Orc:2    | Found Gutielob's Weapon Emporium.
 20439 | Orc:2    | Found Jonuukal's Jewellery Shop.
 20458 | Orc:2    | Found Quotewn's Weapon Emporium.
 20461 | Orc:2    | Found Usu Vinaip's Magic Scroll Emporium.
 20469 | Orc:2    | Bought a scroll of teleportation for 39 gold pieces
 20469 | Orc:2    | Bought a scroll of teleportation for 39 gold pieces
 20469 | Orc:2    | Bought a scroll of fear for 52 gold pieces
 20469 | Orc:2    | Bought a scroll of enchant weapon for 97 gold pieces
 20469 | Orc:2    | Bought a scroll of identify for 26 gold pieces
 20584 | Orc:2    | Noticed Urug
 20755 | Orc:2    | Killed Urug
 20881 | Orc:2    | Found Duyc's Antique Armour Shoppe.
 20896 | Orc:2    | Found Evemaw's Antique Weapon Shoppe.
 20900 | Orc:2    | Found Maremmom's Book Shoppe.
 20933 | Orc:2    | Bought a pair of heavily runed boots for 237 gold pieces
 20933 | Orc:2    | Identified the +1 pair of boots "Liun" {rF+++ rC- Dex-3
                  | SInv} (You bought it in a shop on level 2 of the Orcish
                  | Mines)
 21157 | Orc:2    | Found Pedoz's General Store.
 21164 | Orc:2    | Bought a potion of curing for 51 gold pieces
 21338 | D:15     | Entered Level 15 of the Dungeon
 21410 | D:15     | Reached skill level 22 in Maces & Flails
 21424 | D:15     | Found a staircase to the Depths.
 22266 | D:15     | Found Kiyt's Magic Scroll Boutique.
 22275 | D:15     | Bought 3 scrolls of identify for 120 gold pieces
 22275 | D:15     | Bought a scroll of blinking for 150 gold pieces
 22281 | D:15     | Bought a scroll of identify for 40 gold pieces
 22281 | D:15     | Bought a scroll of teleportation for 60 gold pieces
 22743 | Elf:1    | Entered Level 1 of the Elven Halls
 22826 | Elf:1    | Reached skill level 23 in Maces & Flails
 22863 | Elf:1    | Found a glacial archway.
 22877 | Elf:1    | Identified the +0 leather armour of Okeumaib {Int+5}
 22883 | IceCv    | Entered an ice cave
 23030 | IceCv    | Identified the staff "Hell-Harrower" {Str+5 Conj}
 23155 | IceCv    | Identified the +0 scale mail of Viny Knowledge {Rampage
                  | rPois Regen+ Str-4}
 23509 | IceCv    | Reached XP level 16. HP: 158/162 MP: 22/22
 23565 | IceCv    | Reached skill level 24 in Maces & Flails
 23598 | IceCv    | Noticed an Ice Fiend
 23608 | IceCv    | Killed an Ice Fiend
 23708 | IceCv    | Identified the +5 lajatang of Honesty {freeze, rPois rF-
                  | Will+ Int+3}
 23783 | Elf:1    | Noticed Agnes
 23789 | Elf:1    | Killed Agnes
 23973 | Elf:1    | Paralysed by an air elemental for 1 turns
 23992 | Elf:1    | Found a runed translucent gate.
 23992 | Elf:1    | Found a runed translucent gate.
 23993 | Elf:1    | Found a runed translucent gate.
 23993 | Elf:1    | Noticed an acid blob
 23997 | Elf:1    | Noticed AceX2Z's ghost (journeyman DECj)
 23999 | Elf:1    | Noticed an acid blob
 24107 | Elf:1    | Paralysed by an air elemental for 1 turns
 24252 | Elf:1    | HP: 5/162 [deep elf archer/arrow (11)]
 24525 | Spider:1 | Entered Level 1 of the Spider Nest
 24714 | Spider:1 | Reached skill level 25 in Maces & Flails
 25679 | Spider:2 | HP: 1/162 [meliai/divine providence (10)]
 25679 | Spider:2 | The Shining One protects you from harm!
 25680 | Spider:2 | Killed from afar by a meliai

Illustrated notes

Levels and vault maps discovered:
D:1:      giann_bridges, layout_loops_cross, minmay_misc_feat_doors,
          st_stairs_13, kennysheep_doodads
D:2:      layout_basic, st_stairs_3, solitary_fountain, uniq_terence
D:3:      layout_rooms, nemelex_spade_bored_becter,
          hellmonk_ecumenical_altar_arch_garden
D:4:      layout_basic, kennysheep_potato
D:5:      layout_basic, mainiacjoe_overflow_tiny_flanked
D:6:      layout_basic, lemuel_coloured_pillars_altar,
          mainiacjoe_overflow_brackets
D:7:      layout_cave_pools, nicolae_overflow_hidden_temple,
          minmay_temple_entry_antechambers
D:8:      layout_basic, mainiacjoe_overflow_alcove_2,
          mainiacjoe_overflow_chevrons, kennysheep_just_a_vault
D:9:      layout_basic, mainiacjoe_overflow_paths, david_lair_shrubbed,
          enter_bailey_3, nicolae_shop_vocational, uniq_jeremiah, uniq_maurice
D:10:     minmay_cornered_nines, layout_loops_ring, erik_orc_3, uniq_psyche
D:11:     layout_long_grid, serial_undead, serial_undead_b, serial_undead_b,
          serial_undead_b, serial_undead_c, nzn_sisyphean_effort
D:12:     layout_layer_cave, minmay_librarian, uniq_kirke
D:13:     layout_rooms, kennysheep_vampire_church
D:14:     layout_roguey, hangedman_vaults_entry_quadrant_bands,
          nicolae_qazlal_scattered_showers, ebering_ghost_reflecting_pool,
          hex_intersection
D:15:     grunt_enter_depths_giant_problem, layout_basic, hangedman_glass_teeth,
          serial_shops, shop, serial_rivers, chequers_serial_rivers_micro_a,
          chequers_serial_rivers_small_3, chequers_serial_rivers_micro_e,
          chequers_serial_rivers_marsh
Temple:   hellmonk_temple_forest_ring
Lair:1:   layout_cave_pods
Lair:2:   layout_chaotic_city, small_statue_intersection,
          grunt_forest_large_clearing_hut, uniq_sonja
Lair:3:   layout_regular_city, mainiacjoe_swamp_entry_angry_trees,
          spider_nest_entry_web_field, beast_lair_carwin_11
Lair:4:   layout_cellular_growth
Lair:5:   hellmonk_lair_end_abyssal_woods, layout_loops_ring, slime_entry_1,
          uniq_josephine
Spider:1: layout_spider_delve, nicolae_spider_moth_buddies
Spider:2: layout_chambers, gammafunk_ghost_tricky_traps
Orc:1:    layout_diamond_mine, serial_shops, shop,
          minmay_shop_enchanted_jewellery
Orc:2:    grunt_orc_cross, layout_caves, serial_shops, shop,
          nicolae_shop_waterfront, shop, nicolae_shop_bloodbath_and_beyond,
          nicolae_shop_trees, basic_altar, uniq_rupert
Elf:1:    eino_elf_arrival_sip, layout_loops_ring, portal_ice_cave_entry_dragon,
          gammafunk_ghost_ooze, hangedman_elf_disciples, evilmike_ambush
          [evilmike_ambush_outer_basic, evilmike_ambush_inner_basic],
          uniq_nikola, uniq_agnes

Skill      XL: |  1  2  3  4  5  6  7  8  9 10 11 12 13 14 15 16 |
---------------+-------------------------------------------------+-----
Maces & Flails | 3 4 5 6 7 8 10 13 15 17 19 21 23 25 | 25.6
Fighting       | 4 8 11 14 16 19 20 | 20.0
Throwing       | 2 3 |  3.0
Shields        | 5 7 |  7.0
Evocations     | 3 |  3.0
Armour         | 5 8 9 |  9.0
Invocations    | 6 8 10 | 10.0

Action                     |  1- 3 |  4- 6 |  7- 9 | 10-12 | 13-15 | 16-18 || total
---------------------------+-------+-------+-------+-------+-------+-------++-------
  Melee: Flail             |    88 |    97 |   187 |   489 |   863 |       ||  1724
         Headbutt          |    10 |    15 |    42 |   134 |   385 |    45 ||   631
         Unarmed           |       |       |       |       |    15 |       ||    15
         Great mace        |       |       |       |       |   291 |   152 ||   443
  Throw: Boomerang         |       |       |    25 |    25 |     4 |     1 ||    55
         Dart              |       |       |       |    10 |     9 |       ||    19
 Invoke: Cleansing Flame   |       |       |       |       |     2 |     1 ||     3
  Evoke: Wand              |       |       |     2 |    10 |    37 |     3 ||    52
         Lightning rod     |       |       |       |       |    12 |     4 ||    16
         Phantom mirror    |       |       |       |       |       |     1 ||     1
    Use: Scroll            |       |       |       |     8 |    19 |     5 ||    32
         Potion            |       |       |       |       |     4 |     5 ||     9
 Armour: Scale mail        |    54 |    16 |       |       |       |       ||    70
         Chain mail        |       |    45 |    95 |       |       |       ||   140
         Plate armour      |       |       |    59 |   350 |  1176 |   250 ||  1835
         Skin              |       |       |       |       |    20 |       ||    20
  Dodge: Dodged            |    29 |    37 |    56 |   111 |   320 |    47 ||   600
  Block: Buckler           |    21 |    28 |    36 |   104 |   219 |       ||   408
